 Dungeon Crawl Stone Soup version 0.19-a0-1895-g783e625 (webtiles) character file.

239 tsouns the Slasher (level 5, -7/46 HPs)
             Began as a Draconian Gladiator on Oct 18, 2016.
             Was a Believer of Makhleb.
             Killed by divine providence
             ... invoked by an orc priest
              (13 damage)
             ... on level 4 of the Dungeon.
             The game lasted 00:06:05 (2502 turns).

tsouns the Slasher (Draconian Gladiator)            Turns: 2502, Time: 00:06:05

Health: -7/46      AC:  6    Str: 18    XL:     5   Next: 79%
Magic:  5/5        EV: 12    Int:  9    God:    Makhleb [**....]
Gold:   175        SH:  0    Dex: 11    Spells: 0 memorised, 4 levels left

rFire  . . .     SeeInvis .     a - +0 long sword
rCold  . . .     Gourm    .     (armour unavailable)
rNeg   . . .     Faith    .     (no shield)
rPois  .         Spirit   .     b - +1 hat
rElec  .         Reflect  .     (no cloak)
rCorr  .         Harm     .     (no gloves)
MR     .....                    (no boots)
Stlth  +.........               (no amulet)
                                (no ring)
                                (no ring)

@: no status effects
A: unfitting armour, cold-blooded, AC +5
a: Minor Destruction, Renounce Religion


You were on level 4 of the Dungeon.
You worshipped Makhleb.
Makhleb was pleased with you.
You were not hungry.

You visited 1 branch of the dungeon, and saw 4 of its levels.

You collected 175 gold pieces.

Inventory:

Hand Weapons
 a - a +0 long sword (weapon)
 k - a +0 blowgun
Missiles
 c - 2 throwing nets (quivered)
 h - 2 tomahawks
 n - 9 poisoned needles
Armour
 b - a +1 hat (worn)
Jewellery
 e - an uncursed ring of fire
Scrolls
 p - 2 scrolls of fear
Potions
 g - a potion of haste
 i - a potion of degeneration
 l - a potion of brilliance
 m - a potion of agility
 o - a potion of resistance {unknown}
 r - 2 potions of heal wounds {unknown}
Comestibles
 d - 2 bread rations
 f - 4 meat rations
 j - 4 chunks of flesh


   Skills:
 + Level 4.0 Fighting
 * Level 5.8 Long Blades
 - Level 1.7 Throwing
 - Level 2.6 Dodging


You had 4 spell levels left.
You didn't know any spells.

Dungeon Overview and Level Annotations

Branches:
Dungeon (4/15)
 Temple: D:4-7

Altars:
Hepliaklqana
Makhleb
Ru


Innate Abilities, Weirdness & Mutations

Your plain brown scales are hard. (AC +5)
You cannot fit into any form of body armour.
You are cold-blooded and may be slowed by cold attacks.


Message History

The orc priest casts a cantrip, but nothing happens.
You closely miss the orc priest.
The orc priest hits you but does no damage.
You completely miss the orc priest.
The orc priest invokes the aid of Beogh against you.
Beogh smites you!
You barely miss the orc priest. The orc priest closely misses you.
You riposte.
You hit the orc priest.
The orc priest is moderately wounded.
You hit the orc priest but do no damage.
The orc priest is moderately wounded.
The orc priest calls down the wrath of Beogh upon you.
Beogh smites you!
* * * LOW HITPOINT WARNING * * *
The orc priest hits you but does no damage.
You barely miss the orc priest.
The orc priest is moderately wounded.
The orc priest invokes the aid of Beogh against you.
Beogh smites you!
You die...

##############.
##
#..<.........>.
..
#.###....######
#.
#<....##....(..
#.
###..######......
#.
#...........####.
#.###...#########
.. #..)..#.# ###
#####@##.#
####...o.##.#
###....###.##.#
.. #...####
#.##.#
....###.###
#.##.# .....o..#
#..... .o.#....#
##.... .........#
.... .o..##.....
#.


You could see an orc priest.

Vanquished Creatures
  An orc priest (D:3)
  An orc wizard (D:4)
  A centaur skeleton (D:3)
  A worker ant (D:4)
  3 gnolls (D:3)
  4 adders (D:2)
  An ooze (D:3)
  A worm (D:3)
  5 leopard geckos
  An orc (D:4)
  2 giant cockroaches
  10 goblins
  3 hobgoblins
  7 kobolds
  A quokka (D:3)
  2 ball pythons
  7 bats
  A frilled lizard (D:4)
  3 rats
55 creatures vanquished.

Notes
Turn   | Place    | Note
-------+----------+-------------------------------------------
     0 | D:1      | tsouns the Draconian Gladiator began the quest for the Orb.
     0 | D:1      | Reached XP level 1. HP: 17/17 MP: 1/1
   211 | D:1      | Reached XP level 2. HP: 25/25 MP: 2/2
  1018 | D:2      | Reached XP level 3. HP: 26/30 MP: 3/3
  1124 | D:2      | Reached skill level 4 in Long Blades
  1511 | D:3      | Found a faded altar of an unknown god.
  1535 | D:3      | Reached XP level 4. HP: 38/38 MP: 4/4
  1544 | D:3      | Became a worshipper of Makhleb the Destroyer
  1544 | D:3      | Reached * piety under Makhleb
  1948 | D:3      | Found a hazy altar of Hepliaklqana.
  2032 | D:3      | Reached skill level 5 in Long Blades
  2039 | D:3      | Reached XP level 5. HP: 44/45 MP: 5/5
  2114 | D:3      | Found a sacrificial altar of Ru.
  2265 | D:3      | Reached ** piety under Makhleb
  2502 | D:4      | Killed from afar by an orc priest

Vault maps used:
D:1:      dpeg_arrival_boxes_within_box
D:3:      lemuel_coloured_pillars_altar, nicolae_overflow_crystal_walls,
          ecumenical_altar_2
D:4:      lemuel_round_altar, kennysheep_mini_moat, first_bread,
          solitary_fountain, bloody_trog

Skill      XL: |  1  2  3  4  5 |
---------------+----------------+-----
Fighting       | 3 4 |  4.0
Long Blades    | 4 5 |  5.8
Throwing       | |  1.7
Dodging        | |  2.6

Action                   |  1- 3 |  4- 6 || total
-------------------------+-------+-------++-------
Melee: Long sword        |    72 |    81 ||   153
       Tailslap          |     4 |     9 ||    13
Throw: Throwing net      |     2 |       ||     2
  Use: Scroll            |     8 |     2 ||    10
  Eat: Chunk             |     2 |     3 ||     5
Armor: Skin              |    15 |    24 ||    39
Dodge: Dodged            |    60 |    43 ||   103
       Rpst.: Long sword |    17 |    13 ||    30
